[Event "Early-Titled-Tuesday-Blitz-February-20-2024"]
[Site "Chess.com"]
[Date "2024.02.20"]
[Round "4"]
[White "fabianvivasz"]
[Black "RedFirePanda"]
[Result "1-0"]
[WhiteElo "2397"]
[BlackElo "2558"]
[TimeControl "180+1"]
[EndTime "8:37:55 PST"]
[Termination "fabianvivasz won by resignation"]

1. e4 d5 2. exd5 Qxd5 3. Nc3 Qd8 4. Bc4 Nf6 5. Nf3 Bf5 6. Ne5 e6 7. Qf3 Bg6 8. Qxb7 Nbd7 9. Nc6 Qc8 10. Ba6 Qxb7 11. Bxb7 Rb8 12. Nxb8 Nxb8 13. d3 Bc5 14. Bf4 Bb6 15. Na4 Ba5+ 16. c3 O-O 17. b4 Bb6 18. Nxb6 cxb6 19. O-O-O Nbd7 20. f3 e5 21. Bg3 Nh5 22.
Rhe1 Nxg3 23. hxg3 f6 24. f4 exf4 25. gxf4 Rb8 26.
Bd5+ Kf8 27. Be6 Ke7 28. g4 Kd6 29. Bxd7 Kxd7 30. f5 Bf7 31. Re4 Rc8 32. Kb2 a5 33. Rde1 Bd5 34. Rd4 Kd6 35. c4 axb4 36. Rxd5+ 1-0

[Event "Early-Titled-Tuesday-Blitz-February-20-2024"]
[Site "Chess.com"]
[Date "2024.02.20"]
[Round "4"]
[White "Alexander_Donchenko"]
[Black "Casablanca"]
[Result "1-0"]
[WhiteElo "2926"]
[BlackElo "2607"]
[TimeControl "180+1"]
[EndTime "8:37:56 PST"]
[Termination "Alexander_Donchenko won by checkmate"]

1. Nf3 Nf6 2. g3 g6 3. Bg2 Bg7 4. O-O O-O 5. d4 d6 6. b3 c6 7.
Bb2 a5 8. a4 Na6 9. Nbd2 Bf5 10. Re1 Ne4 11. Nh4 Nxd2 12. Nxf5 gxf5 13. Qxd2 d5 14.
c3 e6 15. f3 c5 16. e3 Rc8 17. Bf1 Qb6 18. Ba3 cxd4 19. cxd4 Nb4 20. Rac1 Rc6 21. Bb5 Rc7 22. Rxc7 Qxc7 23. Rc1 Qd6 24. Rc5 Rd8 25. Bxb4 axb4 26. Qc1 Bf8 27. Rc7 Qb6 28. Kf2 Bd6 29. Rc8 Kg7 30. Rc2 h5 31. Kg2 h4 32. e4 Kg6 33. gxh4 Rg8 34. Kh3 Qxd4 35. Qg5+ Kh7 36. Qh5+ Kg7 37. Rg2+ Kf8 38. Qh6+ Rg7 39. Qh8+ Ke7 40.
Qxg7 Qd1 41. Qg5+ f6 42. Qg7+ Kd8 43. Qd7# 1-0

[Event "Early-Titled-Tuesday-Blitz-February-20-2024"]
[Site "Chess.com"]
[Date "2024.02.20"]
[Round "4"]
[White "viktorgen2021"]
[Black "Evgeny81"]
[Result "0-1"]
[WhiteElo "2548"]
[BlackElo "2767"]
[TimeControl "180+1"]
[EndTime "8:37:56 PST"]
[Termination "Evgeny81 won by resignation"]

1. d4 c5 2. d5 g6 3. Nc3 Bg7 4. e4 d6 5. Bb5+ Bd7 6. a4 Nf6 7. Nf3 O-O 8. h3 Na6 9. O-O Nc7 10. e5 dxe5 11. Nxe5 Bxb5 12. axb5 Nfxd5 13. Nxd5 Qxd5 14. Nd7 Qxd1 15. Rxd1 Rfd8 16. Bg5 f6 17. Be3 b6 18. c4 Kf7 19. b4 cxb4 20. Ra4 Ke8 21. Rda1 Kxd7 22.
Rxa7 Rxa7 23. Rxa7 Ra8 24. Rb7 b3 25. Bxb6 b2 26.
Rxc7+ Ke6 27. Rc5 b1=Q+ 0-1

[Event "Early-Titled-Tuesday-Blitz-February-20-2024"]
[Site "Chess.com"]
[Date "2024.02.20"]
[Round "4"]
[White "Bigfish1995"]
[Black "brm72"]
[Result "1-0"]
[WhiteElo "3167"]
[BlackElo "2626"]
[TimeControl "180+1"]
[EndTime "8:37:57 PST"]
[Termination "Bigfish1995 won on time"]

1. e4 e6 2. d4 d5 3. Nc3 Nf6 4. e5 Nfd7 5. f4 c5 6. Nf3 Nc6 7. Be3 a6 8. a3 b5 9. Ne2 cxd4 10.
Nexd4 Nxd4 11. Nxd4 Bb7 12. Qg4 g6 13. Bd3 Nc5 14. h4 Nxd3+ 15. cxd3 h5 16. Qe2 Be7 17. g3 Rc8 18. b4 O-O 19. Kf2 a5 20. g4 axb4 21.
gxh5 Bxh4+ 22. Kg2 Kg7 23. hxg6 b3 24. Qg4 Rc2+ 25. Kf3 f5 26. Qxh4 1-0

[Event "Early-Titled-Tuesday-Blitz-February-20-2024"]
[Site "Chess.com"]
[Date "2024.02.20"]
[Round "4"]
[White "ChessQueen"]
[Black "ArchibaldCerveza29"]
[Result "1-0"]
[WhiteElo "2718"]
[BlackElo "2481"]
[TimeControl "180+1"]
[EndTime "8:37:57 PST"]
[Termination "ChessQueen won by resignation"]

1. Nf3 g6 2. e4 Bg7 3. d4 b6 4. Nc3 Bb7 5. Bd3 d6 6. h4 h6 7. h5 g5 8. Be3 Nd7 9. Qd2 e6 10.
O-O-O a6 11. Kb1 b5 12. Ne2 Ngf6 13. Ng3 Ng4 14. Rhe1 Qe7 15. c4 bxc4 16. Bxc4 O-O 17. Bb3 Rfd8 18. d5 exd5 19. Bd4 Nde5 20. Nf5 Qd7 21.
Nxg7 Kxg7 22. exd5 Re8 23. Bc2 c5 24. dxc6 Qxc6 25.
Qd3 Nf6 26. Nxe5 dxe5 27. Rxe5 Red8 28. Rxg5+ hxg5 29. Qh7+ Kf8 30. Qh8+ Ke7 31. Bxf6+ Qxf6 32. Re1+ Qe6 33. Rxe6+ Kxe6 34. Qc3 Rac8 35. Qb3+ Bd5 36. Qe3+ Kd6 37. Qxg5 Rc5 38. Qxd8+ 1-0

[Event "Early-Titled-Tuesday-Blitz-February-20-2024"]
[Site "Chess.com"]
[Date "2024.02.20"]
[Round "4"]
[White "ChessFanNM"]
[Black "Journey_to_GrandMaster_YT"]
[Result "0-1"]
[WhiteElo "2313"]
[BlackElo "2517"]
[TimeControl "180+1"]
[EndTime "8:37:57 PST"]
[Termination "Journey_to_GrandMaster_YT won by resignation"]

1. Nf3 d6 2. d4 Nf6 3. c4 Nbd7 4.
Nc3 e5 5. e4 Be7 6. Be2 O-O 7.
O-O c6 8. h3 a6 9. a4 a5 10. Be3 Re8 11. Qc2 Bf8 12. Rad1 Qc7 13. Rfe1 exd4 14. Nxd4 Nc5 15. Bf3 Qb6 16. Bg5 Nfd7 17.
Nf5 Ne5 18. Be2 Be6 19. Nxd6 Bxd6 20. Rxd6 Nxc4 21. Nd5 Bxd5 22. exd5 Nxd6 23. Be3 Rxe3 24. fxe3 cxd5 25. Bf3 Nce4 26. Kh1 Rc8 27. Qd3 Nf2+ 0-1

[Event "Early-Titled-Tuesday-Blitz-February-20-2024"]
[Site "Chess.com"]
[Date "2024.02.20"]
[Round "4"]
[White "Natalya_Buksa"]
[Black "LevonAronian"]
[Result "0-1"]
[WhiteElo "2602"]
[BlackElo "3083"]
[TimeControl "180+1"]
[EndTime "8:37:59 PST"]
[Termination "LevonAronian won by checkmate"]

1. d4 Nf6 2. Nc3 d5 3. Bf4 Bf5 4. e3 e6 5. Nf3 c6 6. Ne5 Nfd7 7. g4 Bg6 8. Nxg6 hxg6 9. h3 Nb6 10. Bg2 Nc4 11.
O-O Bb4 12. Na4 Nd7 13. c3 Be7 14. b3 Nd6 15. c4 Ne4 16. Rc1 f5 17. cxd5 exd5 18.
f3 Ng5 19. Bxg5 Bxg5 20. f4 Bh4 21. Nb2 Qe7 22. Qd2 fxg4 23. hxg4 Nf6 24. Bf3 Ne4 25.
Qg2 Ng5 26. Rc3 Nh3+ 27. Kh2 Nxf4 28. exf4 Bf2+ 29. Qh3 Rxh3+ 30. Kxh3 Qh4+ 31. Kg2 Qg3+ 32. Kh1 Qh3# 0-1

[Event "Early-Titled-Tuesday-Blitz-February-20-2024"]
[Site "Chess.com"]
[Date "2024.02.20"]
[Round "4"]
[White "chessdjw"]
[Black "Nouali_Mohamed"]
[Result "1-0"]
[WhiteElo "2753"]
[BlackElo "2540"]
[TimeControl "180+1"]
[EndTime "8:37:59 PST"]
[Termination "chessdjw won by resignation"]

1. d4 Nf6 2. c4 g6 3. Nc3 Bg7 4.
e4 O-O 5. h3 d6 6. Be3 c5 7. d5 a6 8. a4 e6 9. Nf3 exd5 10.
cxd5 Re8 11. Nd2 Nbd7 12. Be2 Ne5 13. O-O c4 14. Qc2 Bd7 15. f4 Nd3 16. Nxc4 Nb4 17. Qb3 b5 18. Nxd6 Nbxd5 19. Nxd5 Nxd5 20. Qxd5 Be6 21. Qd2 Re7 22. axb5 Rd7 23. e5 axb5 24. Bxb5 Rc7 25.
Bb6 Rxa1 26. Rxa1 Qb8 27. Bxc7 Qxc7 28. Ra8+ Bf8 29. Kh2 Kg7 30. Ne8+ 1-0

[Event "Early-Titled-Tuesday-Blitz-February-20-2024"]
[Site "Chess.com"]
[Date "2024.02.20"]
[Round "4"]
[White "Egor_Koshulyan"]
[Black "DAVIDHDZSTS"]
[Result "0-1"]
[WhiteElo "2613"]
[BlackElo "1980"]
[TimeControl "180+1"]
[EndTime "8:38:02 PST"]
[Termination "DAVIDHDZSTS won by resignation"]

1. e4 c5 2. Nf3 e6 3. d4 cxd4 4.
Nxd4 a6 5. Bd3 Qc7 6. Qe2 Nc6 7. Nxc6 bxc6 8. O-O Bb7 9. f4 d5 10. Be3 Nf6 11. Nd2 Be7 12. Kh1 c5 13. exd5 Nxd5 14. Nc4 Nxe3 15. Qxe3 Bf6 16. c3 O-O 17. f5 Rae8 18.
fxe6 Rxe6 19. Qh3 g6 20. Rae1 Rfe8 21. Rxe6 Rxe6 22. Nd2 Qe7 23. Qg3 Re3 24. Qb8+ Kg7 25. Bc4 Be5 26. Qa7 Bxg2+ 27. Kxg2 Qxa7 28. Rxf7+ Qxf7 29. Bxf7 Kxf7 30. Nc4 Re4 31. b3 Rxc4 32. bxc4 Bxc3 0-1

[Event "Early-Titled-Tuesday-Blitz-February-20-2024"]
[Site "Chess.com"]
[Date "2024.02.20"]
[Round "4"]
[White "N4700000"]
[Black "Agentxya"]
[Result "0-1"]
[WhiteElo "2465"]
[BlackElo "2238"]
[TimeControl "180+1"]
[EndTime "8:38:03 PST"]
[Termination "Agentxya won by resignation"]

1. e4 e5 2. Bc4 Nf6 3. d4 exd4 4.
Nf3 Nc6 5. O-O Nxe4 6. Nc3 Nxc3 7. bxc3 Be7 8. Re1 O-O 9. Rb1 d5 10. Bd3 Bf6 11. h4 h6 12. cxd4 Bg4 13. c3 Rb8 14. Bc2 Bh5 15. Bf4 Qd7 16. Qd3 Bg6 17.
Qd2 Bxc2 18. Qxc2 Qg4 19. Bxc7 Rbc8 20. Rxb7 Qd7 0-1

[Event "Early-Titled-Tuesday-Blitz-February-20-2024"]
[Site "Chess.com"]
[Date "2024.02.20"]
[Round "4"]
[White "MightyGMpretender"]
[Black "averageFM"]
[Result "0-1"]
[WhiteElo "2855"]
[BlackElo "2630"]
[TimeControl "180+1"]
[EndTime "8:38:08 PST"]
[Termination "averageFM won by resignation"]

1. d4 Nf6 2. Nf3 e6 3. e3 c5 4.
Bd3 d5 5. O-O Be7 6. b3 O-O 7. Bb2 b6 8. a3 Bb7 9. Ne5 Nbd7 10. Nd2 Nxe5 11. dxe5 Ne4 12. Nxe4 dxe4 13. Bc4 Qxd1 14. Rfxd1 Rfd8 15. g3 Bd5 16. Be2 c4 17. a4 cxb3 18. cxb3 Bxb3 19. Rd4 Rxd4 20. Bxd4 Rc8 21.
a5 Bc5 22. axb6 axb6 23. Bxc5 bxc5 24. Rc1 c4 25. Rc3 Rc5 26. Kg2 Kf8 27. g4 Ke7 28.
Kg3 Kd8 29. Kf4 Kc7 30. Kxe4 Kb6 31. Kd4 Rd5+ 32. Ke4 Kc5 33. Rc1 Rd2 34. Bf1 Rxf2 35. h4 Kb4 36. g5 c3 37. Bd3 c2 38. Kd4 Rd2 39. Ke4 Kc3 40. Ba6 Kb2 0-1

[Event "Early-Titled-Tuesday-Blitz-February-20-2024"]
[Site "Chess.com"]
[Date "2024.02.20"]
[Round "4"]
[White "thechesscorner64"]
[Black "pauliukevicius"]
[Result "0-1"]
[WhiteElo "2509"]
[BlackElo "2337"]
[TimeControl "180+1"]
[EndTime "8:38:08 PST"]
[Termination "pauliukevicius won by resignation"]

1. e4 e5 2. Nf3 Nc6 3. Bc4 Bc5 4. d3 Nf6 5. c3 d6 6. Bb3 a5 7. Nbd2 Bg4 8. h3 Bh5 9. Nf1 d5 10. Qe2 dxe4 11. dxe4 a4 12. Bc4 Bxf3 13. Qxf3 Na5 14. Bb5+ c6 15. Bxa4 b5 16. Bc2 b4 17. Nd2 bxc3 18. bxc3 O-O 19. O-O h6 20. Nb3 Nxb3 21. Bxb3 Qe7 22. Rd1 Rfc8 23. Be3 Bd6 24. Rd2 c5 25. Bd5 Nxd5 26. Rxd5 c4 27. a4 Rcb8 28. a5 Rb3 29. Bb6 Rxb6 30. Rad1 Rba6 31. Qg4 Ba3 32.
Rd7 Qe6 33. Qe2 Rxa5 34. Rc7 Rc5 35. Rb7 Qc6 36. Rdd7 Rf8 37. Ra7 Rb5 38. Rdc7 Qd6 39. Qxc4 Rb1+ 40. Kh2 Bc1 41. Rxf7 Kh8 42. g3 Rb2 43.
Kg2 Be3 44. Rxf8+ Qxf8 45. Rf7 Rxf2+ 46. Kh1 Rxf7 0-1

[Event "Early-Titled-Tuesday-Blitz-February-20-2024"]
[Site "Chess.com"]
[Date "2024.02.20"]
[Round "4"]
[White "Grande_Strategia"]
[Black "Rurep26"]
[Result "0-1"]
[WhiteElo "2525"]
[BlackElo "2730"]
[TimeControl "180+1"]
[EndTime "8:38:12 PST"]
[Termination "Rurep26 won on time"]

1. f3 d5 2. Kf2 Nf6 3. g3 e5 4.
Bh3 Bc5+ 5. Kg2 O-O 6. d3 h6 7. e3 Nc6 8. Qe2 Re8 9. Nc3 a6 10. Bd2 e4 11. fxe4 dxe4 12. d4 Bxd4 13. exd4 Nxd4 14. Qd1 Bxh3+ 15. Nxh3 e3 16. Be1 Qd7 17.
Ng1 Qc6+ 18. Nf3 Rad8 19. h3 Nb3 20. axb3 Rxd1 21. Rxd1 Nd7 22. g4 Ne5 0-1

[Event "Early-Titled-Tuesday-Blitz-February-20-2024"]
[Site "Chess.com"]
[Date "2024.02.20"]
[Round "4"]
[White "mertfelin"]
[Black "rhungaski"]
[Result "0-1"]
[WhiteElo "2347"]
[BlackElo "2577"]
[TimeControl "180+1"]
[EndTime "8:38:12 PST"]
[Termination "rhungaski won by resignation"]

1. e4 g6 2. d4 Bg7 3. Nf3 d6 4. Be3 a6 5. c4 Nf6 6. Nc3 O-O 7. h3 Nbd7 8. Bd3 e5 9. O-O exd4 10. Bxd4 Re8 11.
Re1 c5 12. Be3 Rb8 13. Bc2 b5 14. cxb5 axb5 15. Qxd6 b4 16. Nd5 Nxd5 17. exd5 Rb6 18. Qf4 Bxb2 19. Rad1 Rf6 20. Qg3 Ne5 21. Bg5 Rxf3 22.
Bxd8 Rxg3 23. fxg3 Rxd8 24. d6 Be6 25. Bb3 c4 26. Ba4 f6 27. Re2 c3 28. d7 Kf7 29. Rd6 Ke7 30. Rb6 Ba3 31. g4 g5 32. Rf2 h6 33. Bb3 Bxb3 34. axb3 Rxd7 35. Rbxf6 c2 0-1

[Event "Early-Titled-Tuesday-Blitz-February-20-2024"]
[Site "Chess.com"]
[Date "2024.02.20"]
[Round "4"]
[White "SHIVACalypso"]
[Black "bylavochka"]
[Result "1-0"]
[WhiteElo "2512"]
[BlackElo "2301"]
[TimeControl "180+1"]
[EndTime "8:38:12 PST"]
[Termination "SHIVACalypso won by checkmate"]

1. d4 Nf6 2. Nf3 e6 3. Bg5 d5 4. e3 Be7 5. Nbd2 O-O 6. Bd3 c5 7. c3 b6 8. O-O Ba6 9. Qe2 Qc8 10. Rfe1 Bxd3 11. Qxd3 Qa6 12. Qc2 Nbd7 13. e4 dxe4 14.
Nxe4 Rfe8 15. Ne5 Nxe5 16. dxe5 Nxe4 17. Bxe7 Nxf2 18. Bg5 Nd3 19. Re3 c4 20. Rf1 h6 21.
Bxh6 gxh6 22. Rg3+ Kf8 23. Qd2 Ke7 24. Rxf7+ Kxf7 25. Qxh6 Ke7 26. Rg7+ Kd8 27. Qf6+ Kc8 28. Qf7 Kb8 29. Qc7# 1-0

[Event "Early-Titled-Tuesday-Blitz-February-20-2024"]
[Site "Chess.com"]
[Date "2024.02.20"]
[Round "4"]
[White "Cheer_Down"]
[Black "soloderisas"]
[Result "1-0"]
[WhiteElo "2414"]
[BlackElo "2592"]
[TimeControl "180+1"]
[EndTime "8:38:14 PST"]
[Termination "Cheer_Down won by resignation"]

1. e4 e5 2. Nf3 Nc6 3. Bc4 Nf6 4. d3 Bc5 5. c3 d6 6. O-O O-O 7. Re1 h6 8. h3 a5 9. Nbd2 Ne7 10.
d4 exd4 11. cxd4 Bb6 12. Bd3 Ng6 13. Nf1 Re8 14. Ng3 Nh7 15. Be3 Bd7 16. Qd2 Bc6 17.
Bxh6 gxh6 18. Qxh6 Qe7 19. e5 Bxf3 20. e6 Nhf8 21.
gxf3 Qh4 22. exf7+ Kxf7 23. Bc4+ Kf6 24. Nh5+ Qxh5 25.
Qxh5 Bxd4 26. Bd3 Be5 27. Qf5+ Kg7 28. Kh1 Re6 29. Rg1 Rf6 30. Qh5 Re8 31. Rg4 Ree6 32. Rag1 c6 33. Bf5 Re7 34. Rxg6+ 1-0

[Event "Early-Titled-Tuesday-Blitz-February-20-2024"]
[Site "Chess.com"]
[Date "2024.02.20"]
[Round "4"]
[White "NewBornNow"]
[Black "Njal28"]
[Result "0-1"]
[WhiteElo "2792"]
[BlackElo "2983"]
[TimeControl "180+1"]
[EndTime "8:38:17 PST"]
[Termination "Njal28 won by checkmate"]

1. e4 c5 2. Nf3 d6 3. d4 cxd4 4. Nxd4 Nf6 5. Bd3 Nc6 6. Nxc6 bxc6 7. O-O g6 8. b3 Bg7 9. Bb2 O-O 10. Nc3 a5 11.
Na4 e5 12. Qe2 Nh5 13. g3 Qg5 14. Kh1 Bh3 15. Rg1 f5 16. exf5 gxf5 17. f3 Rae8 18. Qf2 e4 19. Be2 d5 20. f4 Qg6 21.
Bxg7 Nxg7 22. Nc5 e3 23. Qe1 Qd6 24. Qxa5 Ne6 25. Nxe6 Qxe6 26. Bf3 e2 27. Rae1 Qe3 28. Bg2 Bg4 29. Qa6 Re6 30. Qd3 Qc5 31. h3 Qf2 32.
hxg4 Rh6+ 33. Bh3 Rxh3# 0-1

[Event "Early-Titled-Tuesday-Blitz-February-20-2024"]
[Site "Chess.com"]
[Date "2024.02.20"]
[Round "4"]
[White "krzysztofszczurek"]
[Black "IngOscarArdila"]
[Result "1-0"]
[WhiteElo "2493"]
[BlackElo "2247"]
[TimeControl "180+1"]
[EndTime "8:38:17 PST"]
[Termination "krzysztofszczurek won by checkmate"]

1. d4 Nf6 2. Nc3 c5 3. d5 d6 4. e4 g6 5. f4 Nbd7 6. Nf3 Qc7 7. Bc4 a6 8. a4 Bg7 9. O-O O-O 10. Qe2 Nb6 11. Ba2 Bg4 12. Be3 Rac8 13. h3 Bxf3 14.
Qxf3 Ne8 15. a5 Nd7 16. Bc4 Bd4 17.
Kh1 Nef6 18. Bd2 Rb8 19. Nd1 Ne8 20. h4 h5 21. Qg3 b5 22. axb6 Nxb6 23. Be2 Ng7 24.
Rxa6 Ra8 25. Rxa8 Rxa8 26. c3 Bf6 27. f5 gxf5 28. Rxf5 Kf8 29. Bh6 Be5 30. Bxg7+ Bxg7 31. Rg5 Ke8 32. Rxg7 Kd7 33. Qh3+ Kd8 34. Rg8# 1-0

[Event "Early-Titled-Tuesday-Blitz-February-20-2024"]
[Site "Chess.com"]
[Date "2024.02.20"]
[Round "4"]
[White "NM_Antelacus"]
[Black "DmitriiZakurdaev"]
[Result "0-1"]
[WhiteElo "2244"]
[BlackElo "2442"]
[TimeControl "180+1"]
[EndTime "8:38:17 PST"]
[Termination "DmitriiZakurdaev won by resignation"]

1. e4 c6 2. d4 d5 3. e5 Bf5 4. Nf3 e6 5. Be2 Nd7 6. O-O h6 7. c3 Ne7 8. Nbd2 c5 9. Nh4 Bh7 10. f4 Nc6 11. Nhf3 Qb6 12. Nb3 a5 13. Be3 a4 14.
Nxc5 Nxc5 15. dxc5 Bxc5 16. Bxc5 Qxc5+ 17. Nd4 a3 18. b4 Qxc3 19. Nxc6 bxc6 20. Rc1 Qxb4 21.
Rxc6 O-O 22. Kh1 Qb2 23. Bd3 Bxd3 24. Qxd3 Rac8 25. Rxc8 Rxc8 26. h3 g6 27. Qa6 Rc1 28. Kh2 Rxf1 29. Qxf1 Qxa2 30. Qb5 Qd2 31. Qa4 a2 32. h4 h5 33. Kh3 Qc3+ 34. g3 a1=Q 0-1

[Event "Early-Titled-Tuesday-Blitz-February-20-2024"]
[Site "Chess.com"]
[Date "2024.02.20"]
[Round "4"]
[White "Kobalia"]
[Black "Maxfan2008"]
[Result "1-0"]
[WhiteElo "2794"]
[BlackElo "2560"]
[TimeControl "180+1"]
[EndTime "8:38:18 PST"]
[Termination "Kobalia won by checkmate"]

1. e4 c5 2. Nf3 d6 3. Bb5+ Bd7 4.
Bxd7+ Qxd7 5. O-O Nc6 6. c3 Nf6 7. Qe2 e6 8. d4 cxd4 9. cxd4 d5 10. e5 Ne4 11. Be3 Be7 12. Ne1 h6 13. f3 Ng5 14. Nd3 b6 15. Nd2 Nh7 16. f4 Nf8 17.
Rac1 Ng6 18. g4 Nh4 19. f5 Bg5 20. fxe6 fxe6 21. Nf3 Nxf3+ 22. Qxf3 a5 23. Bxg5 hxg5 24. Qe3 O-O-O 25. Rxc6+ Qxc6 26. Rc1 Qxc1+ 27. Qxc1+ Kb7 28. Qxg5 Rd7 29. Nf4 Re8 30. Qg6 Rde7 31. Kg2 Ka6 32.
Kg3 b5 33. Nd3 Kb6 34. Nc5 a4 35. a3 b4 36. axb4 Kb5 37. Qd3+ Kxb4 38. Qa3+ Kc4 39. Qxa4# 1-0

[Event "Early-Titled-Tuesday-Blitz-February-20-2024"]
[Site "Chess.com"]
[Date "2024.02.20"]
[Round "4"]
[White "a-z30"]
[Black "MasterofMasters2006"]
[Result "0-1"]
[WhiteElo "2490"]
[BlackElo "2297"]
[TimeControl "180+1"]
[EndTime "8:38:18 PST"]
[Termination "MasterofMasters2006 won on time"]

1. d3 d5 2. Nf3 Nf6 3. g3 g6 4.
Bg2 Bg7 5. O-O O-O 6. c4 dxc4 7.
dxc4 Qxd1 8. Rxd1 c6 9. Nd4 Rd8 10. Nc3 Na6 11. Bf4 Nh5 12. Nxc6 Rxd1+ 13. Rxd1 bxc6 14.
Rd8+ Bf8 15. Bh6 Ng7 16. Bxc6 Rb8 17. Nd5 Be6 18. Nxe7+ Kh8 19. Rxf8+ Rxf8 20. b3 Nb4 21. Bd5 Bxd5 22. Nxd5 Nxd5 23. cxd5 Re8 24. Kf1 Re5 0-1

[Event "Early-Titled-Tuesday-Blitz-February-20-2024"]
[Site "Chess.com"]
[Date "2024.02.20"]
[Round "4"]
[White "wild3000"]
[Black "ajedrezsinlimites"]
[Result "1/2-1/2"]
[WhiteElo "2419"]
[BlackElo "2627"]
[TimeControl "180+1"]
[EndTime "8:38:19 PST"]
[Termination "Game drawn by repetition"]

1. d4 Nf6 2. Nf3 e6 3. e3 b6 4.
Be2 Bb7 5. O-O Be7 6. b3 O-O 7. Bb2 a5 8. a3 d5 9. c4 Nbd7 10. Nc3 c5 11. Nb5 Rc8 12. Rc1 Ne4 13. Nd2 Ndf6 14.
Nxe4 Nxe4 15. cxd5 exd5 16. Bd3 f5 17. Qe2 Qd7 18. Rfd1 Bc6 19. a4 f4 20. dxc5 Nxc5 21. Rxc5 Bxc5 22. Qh5 g6 23. Bxg6 fxe3 24. Bxh7+ Qxh7 25. Qg5+ Kf7 26. Qf6+ Ke8 27. Qe6+ Qe7 28. Qxc8+ Kf7 29.
Qxc6 exf2+ 30. Kf1 Re8 31. Qxd5+ Kf8 32. Qf5+ Kg8 33.
Qg6+ Kf8 34. Qf5+ Kg8 35. Qg6+ Kf8 36. Qf5+ 1/2-1/2

[Event "Early-Titled-Tuesday-Blitz-February-20-2024"]
[Site "Chess.com"]
[Date "2024.02.20"]
[Round "4"]
[White "Sattarov_Bobur"]
[Black "OparinGrigoriy"]
[Result "0-1"]
[WhiteElo "2805"]
[BlackElo "3012"]
[TimeControl "180+1"]
[EndTime "8:38:21 PST"]
[Termination "OparinGrigoriy won on time"]

1. e4 d6 2. d4 Nf6 3. Nc3 g6 4. f4 Bg7 5. Nf3 a6 6. Bd3 b5 7. O-O Bb7 8. e5 Nd5 9. Ne4 e6 10. c3 Nc6 11. a4 b4 12. Bd2 O-O 13. Qe1 Kh8 14. Qg3 f5 15. Neg5 Qd7 16. Rae1 bxc3 17.
bxc3 h6 18. Qh3 Rae8 19. g4 Kg8 20. gxf5 gxf5 21. exd6 cxd6 22. Rf2 Nd8 23. Rg2 Nf6 24. Rg3 hxg5 25. Nxg5 Nf7 26. Nxf7 Rxf7 27. Ree3 Qc6 28. Kf2 Ng4+ 29. Rxg4 fxg4 30. Qh7+ Kf8 31. Rg3 Qh1 32.
Rxg4 Qf3+ 0-1

[Event "Early-Titled-Tuesday-Blitz-February-20-2024"]
[Site "Chess.com"]
[Date "2024.02.20"]
[Round "4"]
[White "cmunda"]
[Black "mbchess97"]
[Result "0-1"]
[WhiteElo "2138"]
[BlackElo "2455"]
[TimeControl "180+1"]
[EndTime "8:38:21 PST"]
[Termination "mbchess97 won by resignation"]

1. e4 c5 2. Nf3 d6 3. c3 Nf6 4. Bd3 g6 5. O-O Bg7 6. Re1 Nc6 7. h3 O-O 8. Bf1 h6 9. d4 cxd4 10. cxd4 d5 11. e5 Ne4 12. Nc3 Nxc3 13. bxc3 Na5 14.
Bf4 Bd7 15. Qc1 Kh7 16. Bd3 Rc8 17. Rb1 a6 18. Nh2 b5 19. Ng4 Bxg4 20. hxg4 Qd7 21.
f3 Rc6 22. Kf2 Rfc8 23. Rh1 Rxc3 24. Qe3 Nc4 25. Qe2 Qa7 26. Bxc4 Qxd4+ 27. Kg3 R3xc4 28.
Bxh6 Bxh6 29. g5 Qf4+ 30. Kf2 Qxg5 0-1

[Event "Early-Titled-Tuesday-Blitz-February-20-2024"]
[Site "Chess.com"]
[Date "2024.02.20"]
[Round "4"]
[White "Kotofeyca"]
[Black "AttackSparrow"]
[Result "0-1"]
[WhiteElo "2400"]
[BlackElo "2620"]
[TimeControl "180+1"]
[EndTime "8:38:22 PST"]
[Termination "AttackSparrow won by resignation"]

1. d4 d5 2. c4 e6 3. Nc3 Nf6 4.
cxd5 exd5 5. Bg5 Bb4 6. Qc2 h6 7. Bxf6 Qxf6 8. e3 O-O 9. a3 Bxc3+ 10. bxc3 c5 11. Nf3 Nc6 12. dxc5 Bg4 13. Nd4 Rac8 14. Be2 Bxe2 15. Qxe2 Ne5 16. Qb5 Rxc5 17. Qxb7 Nd3+ 18. Ke2 Rxc3 19. f3 Nf4+ 20. Kf2 Re8 21.
Rhe1 Nd3+ 22. Kg1 Nxe1 23. Rxe1 Rcxe3 24. Rd1 Rxa3 25. Qxd5 Rd8 26. Qc5 Ra4 0-1

[Event "Early-Titled-Tuesday-Blitz-February-20-2024"]
[Site "Chess.com"]
[Date "2024.02.20"]
[Round "4"]
[White "rquery98"]
[Black "Viacheslav92"]
[Result "1-0"]
[WhiteElo "2765"]
[BlackElo "2546"]
[TimeControl "180+1"]
[EndTime "8:38:24 PST"]
[Termination "rquery98 won by resignation"]

1. c4 c5 2. g3 g6 3. Bg2 Bg7 4. Nc3 Nc6 5. Nf3 Nf6 6. d4 cxd4 7. Nxd4 Nxd4 8. Qxd4 O-O 9. O-O d6 10. Qd3 Be6 11. Rb1 Qa5 12. Bd2 Qh5 13. b3 Rab8 14. e4 a6 15. h4 b5 16. Nd5 Nxd5 17. cxd5 Bd7 18. Rfc1 Rfc8 19. Bf4 Be5 20. Bf3 Bg4 21. Bxg4 Qxg4 22. Bxe5 dxe5 23. Kg2 Rxc1 24. Rxc1 Rc8 25. Rc6 Ra8 26. Qf3 Qd7 27. Qc3 h5 28. Qxe5 Re8 29. Rxa6 b4 30. Qd4 Rb8 31. Rb6 Rc8 32. Rxb4 Rc2 33.
Rb8+ Rc8 34. Rxc8+ Qxc8 35. Qc4 Qg4 36. a4 Qd1 37. a5 1-0

[Event "Early-Titled-Tuesday-Blitz-February-20-2024"]
[Site "Chess.com"]
[Date "2024.02.20"]
[Round "4"]
[White "SaqoChess_Twitch"]
[Black "50Tugrik"]
[Result "0-1"]
[WhiteElo "2637"]
[BlackElo "2429"]
[TimeControl "180+1"]
[EndTime "8:38:24 PST"]
[Termination "50Tugrik won by resignation"]

1. d4 Nf6 2. c4 b5 3. cxb5 a6 4. bxa6 Bxa6 5. e3 Bxf1 6. Kxf1 g6 7. g3 Bg7 8. Kg2 O-O 9. Nf3 Na6 10. h4 c5 11.
dxc5 Nxc5 12. Nc3 d6 13. Qe2 Nfd7 14. e4 Nb6 15. h5 Qd7 16. Ng5 h6 17. Nf3 g5 18.
Nxg5 hxg5 19. h6 Bf6 20. h7+ Kh8 21. Qh5 Qe6 22. Re1 Nd3 23. Re2 Nxc1 24. Rxc1 Bxc3 25. Rxc3 f6 26. b3 Nd7 27. f4 Qf7 28. Qg4 Nc5 29. e5 fxe5 30. Qxg5 Qd5+ 31. Kh2 Ne4 32. Qxe7 Nxc3 33.
Rc2 Rf7 34. Qg5 Rxh7+ 35. Kg1 Qh1+ 36. Kf2 Ne4+ 37. Ke3 Nxg5 0-1

[Event "Early-Titled-Tuesday-Blitz-February-20-2024"]
[Site "Chess.com"]
[Date "2024.02.20"]
[Round "4"]
[White "klimkoj"]
[Black "jaskol95"]
[Result "1-0"]
[WhiteElo "2867"]
[BlackElo "2587"]
[TimeControl "180+1"]
[EndTime "8:38:27 PST"]
[Termination "klimkoj won by resignation"]

1. d4 d5 2. Nf3 Nc6 3. Bf4 f6 4. e3 g5 5. Bg3 e6 6. c4 Bd6 7.
Nc3 Nge7 8. Qc2 Nf5 9. c5 Bxg3 10. hxg3 g4 11. Nh4 Nxh4 12. Rxh4 f5 13. Bb5 Bd7 14.
Ne2 Qf6 15. Nf4 O-O-O 16. Bxc6 Bxc6 17. Nd3 Bb5 18. Ne5 c6 19. a4 Ba6 20. Rb1 Kb8 21. b4 Bc4 22. b5 cxb5 23. axb5 Qe7 24. Qa4 Qe8 25. Qa5 h5 26. b6 a6 27. c6 bxc6 28.
b7 Rh7 29. Nxc4 dxc4 30. Qxa6 Kc7 31. Qa5+ Kd6 32. b8=Q+ Rxb8 33. Rxb8 Qxb8 34. Qe5+ Kd7 35.
Qxb8 1-0

[Event "Early-Titled-Tuesday-Blitz-February-20-2024"]
[Site "Chess.com"]
[Date "2024.02.20"]
[Round "4"]
[White "mary-sanna"]
[Black "gm_rashid"]
[Result "0-1"]
[WhiteElo "2150"]
[BlackElo "2464"]
[TimeControl "180+1"]
[EndTime "8:38:27 PST"]
[Termination "gm_rashid won on time"]

1. d4 Nf6 2. c4 c5 3. d5 b5 4. Qc2 bxc4 5. e4 d6 6. Bxc4 g6 7. Nf3 Bg7 8. O-O O-O 9. Nc3 a5 10.
h3 Ba6 11. Nb5 Qb6 12. a4 Nbd7 13. Bd2 Ne8 14. Bc3 Nc7 15. Bxg7 Kxg7 16. Na3 Rfb8 17. Rab1 Qb4 18. Qc3+ Kg8 19. e5 Qxa4 20. e6 fxe6 21.
dxe6 Nf6 22. Ng5 Bxc4 23. Nxc4 Qb3 24. Qc1 Rb4 25. Ne3 Nxe6 26. Nxe6 Qxe6 27. Nc2 Re4 0-1